 Dungeon Crawl Stone Soup version 0.31-a0-339-gda1cbd555d (webtiles) character file.

Game seed: 5987291112193194399

62 mopl the Insei (level 4, -1/29 HPs)
             Began as an Octopode Shapeshifter on July 20, 2023.
             Killed from afar by Sigmund (8 damage)
             ... with a magic dart
             ... on level 2 of the Dungeon.
             The game lasted 00:01:11 (788 turns).

mopl the Insei (Octopode Shapeshifter)               Turns: 788, Time: 00:01:11

Health: -1/29      AC:  1    Str: 14    XL:     4   Next: 8%
Magic:  4/4        EV: 11    Int: 10    God:
Gold:   107        SH:  0    Dex: 14    Spells: 3/3 levels left

rFire   . .          .
                       - Unarmed
rCold   . . .        h - +0 kite shield
rNeg    + . .        (helmet currently unavailable)
rPois   .            (no amulet)
rElec   .            f - ring of positive energy
rCorr   .            (no ring)
SInv    .            (no ring)
Will    .....        (no ring)
Stlth   ++           (no ring)
HPRegen 0.24/turn    (no ring)
MPRegen 0.09/turn    (no ring)
                     (no ring)

%: no passive effects
@: confused, beast-form
A: beast (slay +2), almost no armour, amphibious, 8 rings, camouflage 1,
gelatinous body 1, (nimble swimmer 1), tentacles
a: Begin Untransformation


You were on level 2 of the Dungeon.
You were a hulking beast.
You visited 1 branch of the dungeon, and saw 2 of its levels.

You collected 107 gold pieces.

Inventory:

Armour
 h - a +0 kite shield (worn)
Jewellery
 f - a ring of positive energy (left tentacle)
Talismans
 b - a beast talisman
Scrolls
 c - a scroll of fear {unknown}
 i - a scroll of teleportation {unknown}
 k - a scroll of revelation {unknown}
 o - a scroll of identify {unknown}
Potions
 a - a potion of lignification {!q}
 d - 2 potions of enlightenment {unknown}
 e - a potion of heal wounds {unknown}
 g - a potion of brilliance {unknown}
 j - a potion of mutation {unknown}
 l - a potion of attraction {unknown}
 m - a potion of haste {unknown}
 n - a potion of might {unknown}


   Skills:
 + Level 1.7 Fighting
 + Level 2.4 Dodging
 * Level 3.6 Unarmed Combat
 * Level 3.5 Shapeshifting


You had 3 spell levels left.
You didn't know any spells.
Your spell library was empty.

Dungeon Overview and Level Annotations

Branches:
Dungeon (2/15)

Altars:

Annotations:
D:2 Sigmund


Innate Abilities, Weirdness & Mutations

You are a hulking beast.
Your limbs bulge with bestial killing power. (Slay +2)
You cannot wear most types of armour.
You are amphibious.
You can wear up to eight rings at the same time.
Your skin changes colour to match your surroundings (Stealth+).
Your rubbery body absorbs attacks. (AC +1, EV +1)
((You are camouflaged when in or above water. (Stealth+)))
You have tentacles for arms and can constrict up to eight enemies at once.


Message History

The quokka bites you.
You barely miss the quokka. Your grab misses the quokka.
Your squeeze misses the quokka.
The quokka is heavily wounded.
The quokka closely misses you. The quokka bites you.
You tentacle-slap the quokka but do no damage.
You grab the quokka. You squeeze the quokka.
The quokka is severely wounded.
You constrict the quokka.
You kill the quokka!
o - a scroll labelled YRUGY XIDAN Sigmund the Dreaded comes into view.
He is wielding a +0 scythe.
Found a leather armour.
Sigmund shouts!
Sigmund points at you and mumbles some strange words.
You resist with some effort. Sigmund gestures at you while chanting.
You resist with some effort.
You tentacle-slap Sigmund but do no damage.
Your grab misses Sigmund.
Sigmund points at you and mumbles some strange words.
You are confused.
Sigmund points at you and mumbles some strange words.
You are more confused.
You are too confused!
Sigmund looks at you with fury. Sigmund completely misses you.
Sigmund attacks as you move away! Sigmund hits you with a +0 scythe!
Sigmund barely misses you.
You're too confused to move!
Sigmund hits you with a +0 scythe!
* * * LOW HITPOINT WARNING * * *
You tentacle-slap Sigmund. Your squeeze misses Sigmund.
Sigmund is moderately wounded.
Sigmund misses you.
You're too confused to move!
You bump into the rock wall.
Sigmund gestures at you while chanting. The magic dart hits you!
You die...

#.#.# #.. #.#.# #..
#.#.# ###+##### ###
######.#.#
#........
.......#.##
#........ #......#
#........ +......#
#.....[..
#......####........
+..........h@.#
#......########
#......# #†.....#
########


You could see Sigmund.

Vanquished Creatures
  3 adders (D:2)
  A dart slug (D:2)
  3 endoplasms
  A giant cockroach (D:1)
  5 goblins
  3 hobgoblins
  2 jackals (D:1)
  2 quokkas (D:2)
  3 ball pythons (D:1)
  2 bats (D:2)
  2 frilled lizards
  2 kobolds (D:1)
  2 rats
31 creatures vanquished.

Notes
Turn   | Place    | Note
-------+----------+-------------------------------------------
     0 | D:1      | mopl the Octopode Shapeshifter began the quest for the Orb.
     0 | D:1      | Reached XP level 1. HP: 13/13 MP: 1/1
    85 | D:1      | Reached XP level 2. HP: 18/18 MP: 2/2
   496 | D:2      | Reached XP level 3. HP: 18/23 MP: 3/3
   544 | D:2      | Found a faded altar of an unknown god.
   699 | D:2      | Reached XP level 4. HP: 29/29 MP: 4/4
   774 | D:2      | Noticed Sigmund
   788 | D:2      | Killed from afar by Sigmund

Illustrated notes

Levels and vault maps discovered:
D:1:      nagdon_arrival_zigzag_paths, layout_rooms, minivault_14
D:2:      layout_basic, shapermc_ecumenical_altar_mp_urbaneastern, uniq_sigmund

Action                     |  1- 3 |  4- 6 || total
---------------------------+-------+-------++-------
  Melee: Unarmed           |    48 |    11 ||    59
         Tentacles         |    11 |     1 ||    12
         Constrict         |    14 |     4 ||    18
         Punch             |     4 |       ||     4
   Stab: Sleeping          |     9 |     2 ||    11
 Armour: Skin              |     2 |     1 ||     3
  Dodge: Dodged            |    16 |     7 ||    23
  Block: Kite shield       |     5 |     3 ||     8

Table legend: (Time is in decaauts)
 A = Elapsed time spent in this place.
 B = Non-inter-level travel time spent in this place.
 C = Inter-level travel time spent in this place.
 D = Time resting spent in this place.
 E = Time spent auto-exploring this place.
 F = Levels seen in this place.
 G = Mean time per level.
                   A        B        C        D        E       F      G
               +--------+--------+--------+--------+--------+-----+--------+
         Total |    793 |    791 |      2 |      0 |    553 |   2 |  396.5 |
       Dungeon |    793 |    791 |      2 |      0 |    553 |   2 |  396.5 |
               +--------+--------+--------+--------+--------+-----+--------+

Top non-repeatable levels by time:
     D:1: 467 daAuts
     D:2: 326 daAuts
